 Dungeon Sprint DCSS version 0.27.1-1-g398f81649c (webtiles) character file.

Game seed: 12181971823664268290

25 styxcanada the Covert (level 2, -3/15 HPs)
             Began as a Spriggan Brigand on Sept 6, 2021.
             Was an Initiate of Gozag.
             Killed from afar by a white imp (11 damage)
             ... with a puff of frost
             ... in the Dungeon (Sprint VII: "The Pits").
             The game lasted 00:01:32 (187 turns).

styxcanada the Covert (Spriggan Brigand)             Turns: 187, Time: 00:01:34

Health: -3/15      AC:  3    Str:  7    XL:     2   Next: 82%
Magic:  3/3        EV: 17    Int: 12    God:    Gozag
Gold:   234        SH:  0    Dex: 16    Spells: 1/1 levels left

rFire    . . .     SeeInvis +   a - +2 dagger
rCold    . . .     Faith    .   (shield restricted)
rNeg     . . .     Spirit   .   b - +0 robe
rPois    .         Reflect  .   (helmet restricted)
rElec    .         Harm     .   c - +0 cloak
rCorr    .         Rampage  .   (gloves unavailable)
Will     .....     NoTele   +   (boots unavailable)
Stlth    ++++......             (no amulet)
HPRegen  0.05/turn              (no ring)
MPRegen  0.08/turn              (no ring)

@: gold aura, very quick
A: very small, no large weapons, unfitting armour, see invisible, speed 3
a: Renounce Religion, Potion Petition, Call Merchant, Bribe Branch


You were in the Dungeon.
You worshipped Gozag.
Gozag was aware of your devotion.
You visited 1 branch You collected 234 gold pieces.

Inventory:

Hand Weapons
 a - a +2 dagger (weapon)
Missiles
 d - 8 poisoned darts (quivered)
 e - 2 curare-tipped darts
 m - 10 stones
Armour
 b - a +0 robe (worn)
 c - a +0 cloak (worn)
Scrolls
 k - a scroll of blinking
Potions
 f - a potion of curing
 g - a potion of heal wounds
 h - a potion of haste
 i - 4 potions of magic
 j - 3 potions of berserk rage
 l - 2 potions of invisibility


   Skills:
 * Level 2.1 Fighting
 + Level 2.5 Short Blades
 + Level 2.2 Throwing
 * Level 2.9 Dodging
 * Level 9.4 Stealth


You had one spell level left.
You didn't know any spells.
Your spell library was empty.

Dungeon Overview and Level Annotations

Branches:
Dungeon (1/1)

Altars:
Ashenzari
Cheibriados
Dithmenos
Elyvilon
Fedhas
Gozag
Hepliaklqana
Kikubaaqudgha
Makhleb
Nemelex Xobeh
Okawaru
Qazlal
Ru
Sif Muna
Trog
Uskayaw
Vehumet
Wu Jian
Xom
Yredelemnul
Zin
The Shining One
Beogh
Jiyva
Lugonu


Innate Abilities, Weirdness & Mutations

You are very small and have problems with some larger weapons.
You are too small for most types of armour.
You have supernaturally acute eyesight. (SInv)
You cover ground extremely quickly. (Speed+++)


Message History

You now have 234 gold pieces (gained 45).
You open the door.
A frilled lizard and an endoplasm come into view.
An orc and a white imp come into view.
The frilled lizard hisses angrily.
The white imp shouts!
There is an open door here.
The endoplasm quivers.
The frilled lizard bites you but does no damage.
You barely miss the frilled lizard. The frilled lizard misses you.
There is an open door here.
You barely miss the frilled lizard.
There is an open door here.
You hit the frilled lizard.
You kill the frilled lizard!
The endoplasm completely misses you.
You see here 63 gold pieces.
You completely miss the endoplasm.
The endoplasm is distracted by your dazzling golden aura.
The endoplasm quivers.
You hit the endoplasm.
The endoplasm is no longer distracted by gold.
The endoplasm is moderately wounded.
You hit the endoplasm.
The endoplasm is heavily wounded.
The endoplasm freezes you.
You are frozen.
You hit the endoplasm.
You kill the endoplasm!
There is an open door here.
You see here 36 gold pieces.
The white imp gestures at you. The puff of frost hits you!
The orc shouts!
You hit the white imp but do no damage.
The white imp shouts, "Scamper home, thou feckless dread-bolted bootstain!"
The white imp gestures at you. The puff of frost hits you!
Ouch! That really hurt!
You die...
Your body crumbles into a pile of gold.

#.?..')))'.##......#.
##########.##........
#.........†.'........
+#####'#####......#.
#...#)# #........
#...#.# ####'####
#..$'.# #.......#
##$#### #.......#
#.@.o.# #.......#
#.5...# #...<...#
#........##.......#
#........##.......#
###########.......#
#########


You could see a white imp and an orc.

Vanquished Creatures
  A river rat (D)
  2 ufetubi (D)
  2 endoplasms (D)
  A kobold (D)
  A frilled lizard (D)
7 creatures vanquished.

Notes
Turn   | Place    | Note
-------+----------+-------------------------------------------
     0 | D        | styxcanada the Spriggan Brigand began the quest for the
                  | Orb.
     0 | D        | Reached XP level 1. HP: 10/10 MP: 2/2
    13 | D        | Reached skill level 8 in Stealth
    13 | D        | Reached XP level 2. HP: 15/15 MP: 3/3
    15 | D        | Found a bloodstained altar of Trog.
    15 | D        | Found a shimmering blue altar of Sif Muna.
    15 | D        | Found a viscous altar of Jiyva.
    15 | D        | Found a hazy altar of Hepliaklqana.
    15 | D        | Found an opulent altar of Gozag.
    16 | D        | Found a glowing golden altar of the Shining One.
    16 | D        | Found a glowing silver altar of Zin.
    16 | D        | Found a basalt altar of Yredelemnul.
    16 | D        | Found a shimmering altar of Xom.
    16 | D        | Found an ornate altar of the Wu Jian Council.
    16 | D        | Found a sacrificial altar of Ru.
    16 | D        | Found a stormy altar of Qazlal.
    16 | D        | Found an iron altar of Okawaru.
    16 | D        | Found a sparkling altar of Nemelex Xobeh.
    16 | D        | Found a burning altar of Makhleb.
    16 | D        | Found a blossoming altar of Fedhas.
    16 | D        | Found a white marble altar of Elyvilon.
    16 | D        | Found a shadowy altar of Dithmenos.
    16 | D        | Found a snail-covered altar of Cheibriados.
    17 | D        | Found a radiant altar of Vehumet.
    17 | D        | Found a corrupted altar of Lugonu.
    18 | D        | Found an ancient bone altar of Kikubaaqudgha.
    18 | D        | Found a hide-covered altar of Uskayaw.
    18 | D        | Found a broken altar of Ashenzari.
    20 | D        | Became a worshipper of Gozag Ym Sagoz the Greedy
   165 | D        | Reached skill level 9 in Stealth
   187 | D        | Killed from afar by a white imp

Illustrated notes

Levels and vault maps discovered:
D:        pitsprint [storerooms_1, entrance_room_1, metal_vault_1, armoury_1,
          mini_pit_1, grid_room_1, main_hall_1, silver_pit, the_coven_1,
          the_vestibule_1, steel_vault_3, golden_pit, hallway_of_sentries,
          crystal_vault_1, iron_vault_5, final_vault]

Skill      XL: |  1  2 |
---------------+-------+-----
Dodging        | 2 |  2.9
Stealth        | 8 9 |  9.4
Fighting       | 2 |  2.1
Short Blades   | |  2.5
Throwing       | |  2.2

Action                   || total
-------------------------++-------
Melee: Dagger            ||    23
 Stab: Sleeping          ||     3
Armor: Robe              ||     6
Dodge: Dodged            ||    18
